 Dungeon Crawl Stone Soup version 0.28.0-43-g3370ac3207 (webtiles) character file.

Game seed: 1612367668998332010

282 hehateme the Digger (level 6, -3/37 HPs)
             Began as a Gargoyle Earth Elementalist on Mar 26, 2022.
             Was an Initiate of Sif Muna.
             Slain by a two-headed ogre
             ... wielding a +0 giant club
              (16 damage)
             ... on level 3 of the Dungeon.
             The game lasted 00:12:16 (4352 turns).

hehateme the Digger (Gargoyle Earth Elementalist)   Turns: 4352, Time: 00:12:16

Health: -3/37      AC:  8    Str: 13    XL:     6   Next: 28%
Magic:  3/3        EV: 11    Int: 16    God:    Sif Muna [......]
Gold:   54         SH:  0    Dex: 10    Spells: 8/9 levels left

rFire   . . .      SeeInvis .   m - +4 dagger (antimagic)
rCold   . . .      Faith    .   (no shield)
rNeg    + . .      Spirit   .   e - +0 troll leather armour {regen}
rPois   ∞          Reflect  .   (no helmet)
rElec   +          Harm     .   (no cloak)
rCorr   .          Rampage  .   (no gloves)
Will    .....                   (no boots)
Stlth   ++........              (no amulet)
HPRegen 0.92/turn               (no ring)
MPRegen 0.08/turn               (no ring)

@: no status effects
A: sickness immunity, AC +4, negative energy resistance 1, electricity
resistance, torment resistance 1, petrification resistance
a: Renounce Religion


You were on level 3 of the Dungeon.
You worshipped Sif Muna.
Sif Muna was noncommittal.
You visited 2 branches of the dungeon, and saw 5 of its levels.

You collected 54 gold pieces.

Inventory:

Hand Weapons
 m - a +4 antimagic dagger (weapon)
Missiles
 f - 121 sling bullets
 i - 56 bolts
 k - 38 arrows
 q - a throwing net {=f}
 Q - 22 stones
Armour
 b - a +0 robe
 e - a +0 troll leather armour (worn) {regen}
 l - a +0 pair of gloves
Jewellery
 n - a ring of willpower
 p - a ring of flight
 N - a ring of positive energy {rN+}
Scrolls
 a - 7 scrolls of identify {unknown}
 c - a scroll of teleportation {unknown}
 d - a scroll of fog {unknown}
 j - 3 scrolls of amnesia {unknown}
 o - a scroll of enchant armour {unknown}
 s - a scroll of enchant weapon {unknown}
Potions
 g - a potion of might {unknown}
 h - 3 potions of resistance {unknown}
 r - a potion of haste {unknown}


   Skills:
 + Level 3.5 Fighting
 - Level 1.5 Dodging
 - Level 2.1 Stealth
 - Level 2.0 Spellcasting
 - Level 0.7 Transmutations
 * Level 7.1 Earth Magic


You had 8 spell levels left.
You knew the following spells:

 Your Spells              Type           Power      Damage    Failure   Level
a - Sandblast             Erth           48%        2d12      1%          1

Your spell library contained the following spells:

 Spells                   Type           Power      Damage    Failure   Level
 Passwall                 Tmut/Erth      11%        N/A       9%          2
 Stone Arrow              Conj/Erth      24%        3d8       19%         3
 Petrify                  Tmut/Erth      14%        N/A       47%         4
 Dazzling Flash           Conj/Hex       2%         N/A       61%         3
 Iskenderun's Mystic Bla  Conj/Tloc      1%         2d3       95%         4
 Starburst                Conj/Fire      0%         6d3       100%        6


Dungeon Overview and Level Annotations

Branches:
Dungeon (4/15)             Temple (1/1) D:4

Altars:
Ashenzari
Cheibriados
Dithmenos
Elyvilon
Fedhas
Gozag
Hepliaklqana
Kikubaaqudgha
Makhleb
Nemelex Xobeh
Qazlal
Ru
Sif Muna
Trog
Uskayaw
Vehumet
Xom
Yredelemnul
Zin


Innate Abilities, Weirdness & Mutations

You are immune to sickness and miasma.
Your stone body is resilient. (AC +4)
You are immune to poison.
You resist negative energy. (rN+)
You are resistant to electric shocks. (rElec)
You are resistant to unholy torment.
You are immune to petrification.


Message History

Things that are here:
a +0 club; a goblin corpse A quokka comes into view.
MP restored: 3 A quokka is nearby!
A hound skeleton comes into view.
An adder comes into view.
Found an escape hatch in the ceiling.
The quokka bites you but does no damage.
Aim: a quokka (73% to hit)
The blast of sand hits the quokka!
You kill the quokka!
You now have 2/3 mp.
Aim: a hound skeleton (91% to hit)
The blast of sand hits the hound skeleton!
The two-headed ogre shouts in stereo!
The hound skeleton bites you but does no damage.
The hound skeleton bites you.
You take 2 damage, and have 35/37 hp.
You now have 1/3 mp.
Aim: a hound skeleton (almost destroyed, 91% to hit)
The blast of sand hits the hound skeleton!
You destroy the hound skeleton!
* * * LOW MAGIC WARNING * * *
You now have 0/3 mp.
Health restored: 37
There is a stone staircase leading down here.
You see here a +0 giant club.
MP restored: 3
There is a stone staircase leading up here.
The two-headed ogre closely misses you.
The two-headed ogre hits you with a +0 giant spiked club.
You climb upwards.
There is a stone staircase leading down here.
You take 3 damage, and have 34/37 hp.
Health restored: 37 The two-headed ogre hits you with a +0 giant club!!
Ouch! That really hurt!
* * * LOW HITPOINT WARNING * * *
The two-headed ogre hits you with a +0 giant spiked club!
You die...

#### ##### #######..######.#.#
#...............#.############
###.###......@................
#.# #.####.#O.##############
#.# #.# #.#..#.....<......#
#.# #.####.#..#.##..)#####.#
#.# #.#.......#.##.......#.#
#.# #.#.##....#.##..####.#.#
#.# #.#......>#.##.....#.#.#
#)# #.###...................
#.# #.#.....#..........#.#.#

Skill      XL: |  1  2  3  4  5  6 |
---------------+-------------------+-----
Earth Magic    | 4 5 6 7 |  7.1
Fighting       | 1 2 3 |  3.5
Dodging        | |  1.5
Stealth        | |  2.1
Spellcasting   | |  2.0
Transmutations | |  0.7

Notes
Turn   | Place    | Note
-------+----------+-------------------------------------------
     0 | D:1      | hehateme the Gargoyle Earth Elementalist began the quest
                  | for the Orb.
     0 | D:1      | Reached XP level 1. HP: 10/10 MP: 3/3
   707 | D:1      | Reached skill level 4 in Earth Magic
   726 | D:1      | Reached XP level 2. HP: 16/16 MP: 0/5
   792 | D:1      | Reached skill level 1 in Fighting
  1044 | D:1      | Found a faded altar of an unknown god.
  1448 | D:2      | Reached XP level 3. HP: 20/20 MP: 4/6
  2138 | D:2      | Reached skill level 5 in Earth Magic
  2210 | D:2      | Reached XP level 4. HP: 26/26 MP: 1/7
  2215 | D:2      | Reached skill level 2 in Fighting
  2837 | D:3      | Reached XP level 5. HP: 28/31 MP: 2/8
  3027 | D:3      | Reached skill level 6 in Earth Magic
  3447 | D:4      | Noticed an ogre
  3554 | D:4      | Killed an ogre
  3555 | D:4      | Reached skill level 3 in Fighting
  3555 | D:4      | Reached XP level 6. HP: 13/37 MP: 0/9
  3643 | D:4      | Noticed a two-headed ogre
  3889 | D:4      | Reached skill level 7 in Earth Magic
  3992 | D:4      | Found a staircase to the Ecumenical Temple.
  3998 | Temple   | Entered the Ecumenical Temple
  4223 | Temple   | Became a worshipper of Sif Muna the Loreminder
  4352 | D:3      | Slain by a two-headed ogre

Table legend: (Time is in decaauts)
 A = Elapsed time spent in this place.
 B = Non-inter-level travel time spent in this place.
 C = Inter-level travel time spent in this place.
 D = Time resting spent in this place.
 E = Time spent auto-exploring this place.
 F = Levels seen in this place.
 G = Mean time per level.
                   A        B        C        D        E       F      G
               +--------+--------+--------+--------+--------+-----+--------+
         Total |   4354 |   4106 |    248 |    521 |   2884 |   5 |  870.8 |
       Dungeon |   4118 |   3899 |    219 |    521 |   2692 |   4 | 1029.5 |
        Temple |    235 |    206 |     29 |      0 |    192 |   1 |  235.0 |
               +--------+--------+--------+--------+--------+-----+--------+

Top non-repeatable levels by time:
     D:1: 1377 daAuts
     D:2: 1104 daAuts
     D:3: 1023 daAuts
     D:4: 613 daAuts
  Temple: 235 daAuts

Table legend:
 A = Kills in this place as a percentage of kills in entire the game.
 B = Kills by you in this place as a percentage of kills by you in the entire game.
 C = Kills by friends in this place as a percentage of kills by friends in the entire game.
 D = Other kills in this place as a percentage of other kills in the entire game.
 E = Experience gained in this place as a percentage of experience gained in the entire game.
 F = Experience gained in this place divided by the number of levels of this place that you have seen.
                   A       B       C       D       E      F
               +-------+-------+-------+-------+-------+----------------------
         Total | 100.0 | 100.0 |   N/A |   N/A | 100.0 |  80.6
       Dungeon | 100.0 | 100.0 |   N/A |   N/A | 100.0 | 100.8
               +-------+-------+-------+-------+-------+----------------------

Action                   |  1- 3 |  4- 6 || total
-------------------------+-------+-------++-------
Melee: Unarmed           |    51 |       ||    51
       Punch             |     1 |       ||     1
       Dagger            |    11 |   101 ||   112
 Cast: Sandblast         |    45 |    29 ||    74
 Stab: Sleeping          |     2 |     1 ||     3
Armor: Robe              |     4 |       ||     4
       Troll leather arm |    23 |    42 ||    65
Dodge: Dodged            |    46 |    67 ||   113

Vanquished Creatures
  An ogre (D:4)
  An iguana (D:4)
  An orc wizard (D:3)
  A hound skeleton (D:4)
  2 adders (D:2)
  A shadow imp (D:4)
  4 worms
  A dart slug (D:3)
  3 orcs
  12 endoplasms
  2 giant cockroaches
  6 goblins
  11 hobgoblins
  8 jackals
  3 quokkas
  7 ball pythons
  8 bats
  A frilled lizard (D:2)
  5 kobolds
  5 rats
83 creatures vanquished. You could see a two-headed ogre.

Levels and vault maps discovered:
D:1:      minmay_arrival_wavy_path, layout_loops_ring,
          shapermc_ecumenical_altar_gd
D:2:      layout_basic, st_stairs_4, hangedman_decor_growths,
          minmay_goblin_kobold_house
D:3:      kb_forest_paths, layout_basic, item_on_display_a
D:4:      minmay_inner_zag, layout_basic, minmay_temple_entry_ruins
Temple:   mainiacjoe_temple_bowtie_tessellation
